 Dungeon Crawl Stone Soup version 0.25-a0-1113-g0499d652a8 (webtiles) character file.

Game seed: 1179088115024143381, levelgen mode: deterministic

26580 grindst0ne the Fighter (level 12, -6/100 HPs)
             Began as a Mummy Fighter on May 16, 2020.
             Was an Initiate of Gozag.
             Mangled by an orc warrior
             ... wielding a +0 halberd
              (24 damage)
             ... on level 12 of the Dungeon.
             The game lasted 00:30:46 (18952 turns).

grindst0ne the Fighter (Mummy Fighter)             Turns: 18952, Time: 00:30:46

Health: -6/100     AC: 10    Str: 24    XL:     12   Next: 99%
Magic:  27/27      EV:  9    Int: 12    God:    Gozag
Gold:   2341       SH: 12    Dex: 12    Spells: 11/11 levels left

rFire    x . .     SeeInvis +   m - +1 war axe (venom)
rCold    + + .     Gourm    .   c - +0 kite shield
rNeg     + + +     Faith    .   A - +0 swamp dragon scales
rPois    ∞         Spirit   .   v - +3 hat of Pondering {ponderous, MR+ MP+10 Int+5}
rElec    .         Reflect  .   u - +0 cloak
rCorr    .         Harm     .   (no gloves)
MR       ++...                  D - +0 pair of boots {Stlth+}
Stlth    ++........             x - amulet of regeneration
HPRegen  0.66/turn              z - ring of protection from cold
MPRegen  0.20/turn              C - ring of see invisible

@: corroded, gold aura, slow
A: no food or potions, fire vulnerability, cold resistance 1, negative energy
resistance 3, torment resistance, unbreathing
a: Potion Petition, Call Merchant, Bribe Branch, Renounce Religion


You were on level 12 of the Dungeon.
You worshipped Gozag.
Gozag was most pleased with you.
You were not hungry.

You visited 2 branches of the dungeon, and saw 13 of its levels.
You also visited: Bailey and Ice Cave.

You collected 3402 gold pieces.
You spent 405 gold pieces at shops.
You paid 656 gold pieces to Gozag.

Inventory:

Hand Weapons
 m - a +1 war axe of venom (weapon)
 o - a +1 battleaxe of freezing
 E - a +2 battleaxe of freezing
 F - the +2 rapier of Woe {freeze, rElec rF++ Str+3 Stlth+}
   (You found it on level 11 of the Dungeon)

   It has been specially enchanted to freeze those struck by it, causing extra
   injury to most foes and up to half again as much damage against particularly
   susceptible opponents.
   It can also slow down cold-blooded creatures.
   It affects your strength (+3).
   It greatly protects you from fire.
   It insulates you from electricity.
   It makes you more stealthy.
Missiles
 b - 8 boomerangs
 d - 4 throwing nets (quivered)
 r - 4 atropa-tipped darts
Armour
 c - a +0 kite shield (worn)
 u - a +0 cloak (worn)
 v - the +3 hat of Pondering (worn) {ponderous, MR+ MP+10 Int+5}
   (You found it in a bailey)

   It affects your intelligence (+5).
   It affects your resistance to hostile enchantments.
   It affects your magic capacity (+10).
 A - +0 swamp dragon scales (worn)
 D - a +0 pair of boots of stealth (worn)
Jewellery
 f - the cursed ring "Niunuv" {rF+ AC-4 Str+2 Dex+2}
   (You took it off an orc warrior in a bailey)

   [ring of protection]

   It affects your AC (-4).
   It affects your strength (+2).
   It affects your dexterity (+2).
   It protects you from fire.
   It has a curse placed upon it.
 x - an amulet of regeneration (around neck)
 z - a ring of protection from cold (left hand)
 C - a ring of see invisible (right hand)
 G - an uncursed ring of protection from cold
Wands
 h - a wand of digging (5)
 q - a wand of clouds (7)
 s - a wand of paralysis (8)
 t - a wand of polymorph (4)
 w - a wand of random effects (24)
 y - a wand of flame (20)
 B - a wand of iceblast (13)
 I - a wand of disintegration (15)
Scrolls
 a - a scroll of magic mapping
 e - 3 scrolls of teleportation
 g - 4 scrolls of enchant armour
 i - 3 scrolls of remove curse
 j - 4 scrolls of blinking
 k - 4 scrolls of amnesia
 l - a scroll of fear
 n - 2 scrolls of identify
 p - a scroll of silence
Miscellaneous
 H - 2 boxes of beasts


   Skills:
 + Level 11.5 Fighting
 + Level 9.6 Axes
 - Level 6.0 Armour
 + Level 9.8 Shields
 + Level 7.5 Evocations


You had 11 spell levels left.
You didn't know any spells.
Your spell library contained the following spells:

 Spells                   Type           Power        Failure   Level  Hunger
 Magic Dart               Conj           #...         67%         1    N/A
 Blink                    Tloc           N/A          82%         2    N/A
 Call Imp                 Summ           #.......     82%         2    N/A
 Slow                     Hex            #.......     82%         2    N/A
 Conjure Flame            Conj/Fire      #.......     96%         3    N/A
 Mephitic Cloud           Conj/Pois/Air  #.......     96%         3    N/A
 Metabolic Englaciation   Hex/Ice        #.........   100%        5    N/A
 Freezing Cloud           Conj/Ice/Air   #.........   100%        6    N/A
 Ozocubu's Refrigeration  Ice            #.........   100%        6    N/A
 Simulacrum               Ice/Necr       #.........   100%        6    N/A
 Ice Form                 Ice/Tmut       Unusable     N/A         4    N/A

Dungeon Overview and Level Annotations

Branches:
Dungeon (12/15)            Temple (1/1) D:5            Lair (0/6) D:11
    Orc (0/2) D:9          Bailey (visited)           IceCv (visited)

Altars:
Ashenzari
Cheibriados
Dithmenos
Elyvilon
Gozag
Hepliaklqana
Kikubaaqudgha
Makhleb
Nemelex Xobeh
Okawaru
Qazlal
Ru
Sif Muna
Trog
Uskayaw
Vehumet
Wu Jian
Xom
Yredelemnul
Zin
The Shining One

Shops:
D:7 (**::


Innate Abilities, Weirdness & Mutations

You do not eat or drink.
Your flesh is vulnerable to fire.
You are immune to poison.
Your flesh is cold resistant. (rC+)
You are immune to negative energy. (rN+++)
You are immune to unholy pain and torment.
You can survive without breathing.


Message History

The orc priest is poisoned.
You hit the orc warrior.
The orc warrior looks as sick as possible!
The orc warrior hits you with a +0 halberd!
* * * LOW HITPOINT WARNING * * *
The orc priest hits you but does no damage.
You slash the orc priest!
You kill the orc priest!
You barely miss the orc warrior.
The orc warrior hits you with a +0 halberd!
* * * LOW HITPOINT WARNING * * *
You can't drink. [a] - 160 gold - might and stabbing [b] - 260 gold - heal wounds and magic [c] - 338 gold - haste and flight Purchase which effect?
You feel much better. Magic courses through your body.
The wraith becomes distracted by the nearby gold, dreaming of imaginary riches.
The orc warrior hits you with a +0 halberd!!
You die...
Your body crumbles into a pile of gold.

#.##.#####..# #.##.#
#(.# #.##<#####..# #
#.####.#.........#.#
#....(.!..#####.##.##
######.#.## #.....#
#.#.# #.....#
.######$#.# #.###.#
...W..$@$$# #.# #.#
...####o#.# #.# #.#
#.#.######.# #.#
...........# #.#
^..#........# #.#
......#####.## #.#
.#####.# #.# #%# #.
#.# #.# ##.## #.#
#...#


You could see a wraith (unaware) and an orc warrior (extremely poisoned).

Vanquished Creatures
  A frost giant (IceCv)
  Harold (D:8)
  A two-headed ogre (D:10)
  3 death yaks (IceCv)
  An orc knight (Bailey)
  Pikel (D:8)
  2 ugly things
  A cyclops (D:12)
  An ice statue (IceCv)
  Psyche (D:9)
  Maggie (D:8)
  A komodo dragon (D:12)
  A rime drake (IceCv)
  2 ice devils (D:11)
  11 polar bears (IceCv)
  2 hornets (D:9)
  A troll (D:11)
  Prince Ribbit (D:7)
  3 hippogriffs
  A wyvern (D:10)
  24 yaks
  A soldier ant (D:9)
  2 water moccasins
  Duvessa (D:4)
  4 slaves (D:8)
  3 porcupines (D:11)
  A black bear (D:8)
  6 sky beasts
  3 ice beasts
  16 orc warriors
  4 phantoms
  A necrophage (D:8)
  8 ogres
  21 wolves (IceCv)
  6 centaurs
  2 crocodiles
  9 bullfrogs
  A wyvern zombie (D:10)
  6 scorpions
  Dowan (D:4)
  14 killer bees
  15 wights
  4 howler monkeys
  4 crimson imps
  3 hounds
  A centaur zombie (D:10)
  2 bullfrog zombies
  6 orc priests
  Crazy Yiuf (D:7)
  A jelly (D:3)
  5 orc wizards
  3 gnoll shamans
  2 bullfrog skeletons
  3 centaur skeletons
  13 worker ants
  3 iguanas
  A hound zombie (D:8)
  A worker ant zombie (D:10)
  17 gnolls
  22 adders
  A howler monkey skeleton (D:8)
  3 shadow imps
  An ooze (D:3)
  2 adder zombies
  5 worms
  A dart slug (D:3)
  6 leopard geckos
  50 orcs
  6 giant cockroaches
  11 goblins
  11 hobgoblins
  12 jackals
  5 quokkas
  2 ball pythons (D:1)
  13 bats
  8 frilled lizards
  4 kobolds
  A leopard gecko skeleton (D:6)
  9 rats
  4 fungi
  2 plants (D:11)
435 creatures vanquished.

Vanquished Creatures (others)
  A wizard (D:6)
  An orc wizard (D:12)
2 creatures vanquished.

Grand Total: 437 creatures vanquished

Notes
Turn   | Place    | Note
-------+----------+-------------------------------------------
     0 | D:1      | grindst0ne the Mummy Fighter began the quest for the Orb.
     0 | D:1      | Reached XP level 1. HP: 18/18 MP: 1/1
    54 | D:1      | Reached XP level 2. HP: 17/24 MP: 2/2
   179 | D:1      | You fall into a shaft and drop 2 floors!
   668 | D:2      | Reached XP level 3. HP: 29/29 MP: 3/3
   830 | D:2      | Found a sparkling altar of Nemelex Xobeh.
   879 | D:2      | Found a snail-covered altar of Cheibriados.
   933 | D:2      | Reached XP level 4. HP: 30/36 MP: 4/4
  2116 | D:2      | Found a white marble altar of Elyvilon.
  2223 | D:2      | Reached XP level 5. HP: 40/42 MP: 5/5
  2458 | D:3      | Reached skill level 4 in Fighting
  3194 | D:3      | Reached XP level 6. HP: 42/48 MP: 6/6
  3999 | D:4      | Reached XP level 7. HP: 32/55 MP: 7/7
  4667 | D:4      | Reached skill level 5 in Fighting
  4801 | D:4      | Noticed Dowan
  4802 | D:4      | Noticed Duvessa
  4811 | D:4      | Killed Dowan
  4816 | D:4      | Killed Duvessa
  5218 | D:5      | Entered Level 5 of the Dungeon
  5224 | D:5      | Found a staircase to the Ecumenical Temple.
  5232 | Temple   | Entered the Ecumenical Temple
  5260 | Temple   | Became a worshipper of Gozag Ym Sagoz the Greedy
  5293 | D:5      | Reached XP level 8. HP: 23/63 MP: 8/8
  5392 | D:5      | HP: 2/64 [wight/cursed +2 long sword of freezing (6)]
  5745 | D:5      | Found a shadowy altar of Dithmenos.
  5803 | D:5      | Found a bloodstained altar of Trog.
  5905 | D:5      | Found a shimmering altar of Xom.
  5905 | D:5      | Found a shimmering altar of Xom.
  5909 | D:5      | Found a shimmering altar of Xom.
  5909 | D:5      | Found a shimmering altar of Xom.
  5910 | D:5      | Found a shimmering altar of Xom.
  5913 | D:5      | Found a shimmering altar of Xom.
  5913 | D:5      | Found a shimmering altar of Xom.
  5962 | D:5      | Found an iron altar of Okawaru.
  5980 | D:5      | Reached skill level 6 in Fighting
  5998 | D:5      | Reached skill level 5 in Shields
  5999 | D:5      | Reached skill level 5 in Armour
  6348 | D:5      | Found a burning altar of Makhleb.
  6605 | D:6      | Reached skill level 5 in Axes
  6759 | D:6      | Found a bloodstained altar of Trog.
  6761 | D:6      | Noticed a wizard
  6767 | D:6      | Reached XP level 9. HP: 68/71 MP: 9/9
  7225 | D:6      | Killed a wizard
  7333 | D:7      | Reached skill level 7 in Fighting
  8212 | D:7      | Found Qothru's Assorted Antiques.
  8234 | D:7      | Bought a scroll labeled FEIQ WIAHEMM for 30 gold pieces
  8234 | D:7      | Bought a scroll of identify for 60 gold pieces
  8257 | D:7      | Found Anuuvuoh's Weapon Shop.
  8272 | D:7      | Found Pymomnu Zeno's General Store.
  8276 | D:7      | Bought a scroll of blinking for 75 gold pieces
  8276 | D:7      | Bought a wand of clouds (4) for 240 gold pieces
  8423 | D:7      | Noticed Prince Ribbit
  8441 | D:7      | Killed Prince Ribbit
  8441 | D:7      | Reached skill level 1 in Evocations
  9100 | D:7      | Found Cegabeg's Book Boutique.
  9130 | D:7      | Found Xeecs's Book Boutique.
  9153 | D:7      | Paralysed by a gnoll for 7 turns
  9162 | D:7      | Reached XP level 10. HP: 60/80 MP: 11/11
  9465 | D:7      | Found a runed translucent door.
  9466 | D:7      | Noticed Crazy Yiuf
  9475 | D:7      | Killed Crazy Yiuf
  9503 | D:8      | Found a flagged portal.
  9512 | Bailey   | Entered a bailey
 11210 | Bailey   | Reached skill level 8 in Fighting
 12583 | Bailey   | Found the +3 hat of Pondering {ponderous, MR+ MP+10 Int+5}
 12601 | Bailey   | Noticed an orc knight
 12610 | Bailey   | Identified the cursed ring "Niunuv" {rF+ AC-4 Str+2 Dex+2}
 12612 | Bailey   | Killed an orc knight
 13219 | D:8      | Noticed Harold
 13235 | D:8      | Killed Harold
 13490 | D:8      | Reached skill level 9 in Fighting
 13514 | D:8      | Noticed Maggie
 13531 | D:8      | Killed Maggie
 13619 | D:8      | Found a shattered altar of Ashenzari.
 13916 | D:8      | Noticed Pikel
 13929 | D:8      | Killed Pikel
 13929 | D:8      | Reached XP level 11. HP: 81/89 MP: 14/14
 13939 | D:8      | Found a radiant altar of Vehumet.
 14518 | D:9      | Found a glowing silver altar of Zin.
 14933 | D:9      | Found a staircase to the Orcish Mines.
 15213 | D:9      | Noticed Psyche
 15222 | D:9      | Killed Psyche
 15222 | D:9      | Reached skill level 5 in Evocations
 15311 | D:10     | Entered Level 10 of the Dungeon
 15409 | D:10     | Noticed a two-headed ogre
 15426 | D:10     | Killed a two-headed ogre
 15951 | D:10     | Reached skill level 10 in Fighting
 16462 | D:11     | Found a frozen archway.
 16548 | IceCv    | Entered an ice cave
 16779 | IceCv    | Reached XP level 12. HP: 78/98 MP: 16/16
 16825 | IceCv    | Noticed a death yak
 16839 | IceCv    | Killed a death yak
 17253 | IceCv    | Noticed a death yak
 17282 | IceCv    | Killed a death yak
 17658 | IceCv    | Noticed a frost giant
 17658 | IceCv    | Noticed a death yak
 17661 | IceCv    | Reached skill level 11 in Fighting
 17664 | IceCv    | Killed a death yak
 17665 | IceCv    | Killed a frost giant
 18193 | D:11     | Identified the +2 rapier of Woe {freeze, rElec rF++ Str+3
                  | Stlth+} (You found it on level 11 of the Dungeon)
 18318 | D:11     | Found a staircase to the Lair.
 18951 | D:12     | HP: 1/100 [orc warrior/+0 halberd (14)]
 18952 | D:12     | Mangled by an orc warrior

Illustrated notes

Levels and vault maps discovered:
D:1:      minmay_arrival_stair_chambers, layout_basic
D:2:      layout_basic, lemuel_crystal_altar, nicolae_overflow_hidden_temple,
          lemuel_round_altar, chequers_serial_rivers_marsh
D:3:      minmay_chambers_of_twos, layout_basic, first_ration,
          kennysheep_generic_room_8
D:4:      layout_loops_ring, hangedman_abyss_or_decor_slice, uniq_duvessa
D:5:      layout_cave_pools, lemuel_crystal_altar, kennysheep_mini_moat,
          okawaru_trees_1, minmay_temple_entry_wispy, basic_altar,
          nicolae_xom_altar_mimics
D:6:      layout_cave_pools, trog_wizard
D:7:      layout_basic, serial_shops, nicolae_shop_statue_plus, shop, shop,
          shop, shop_coins, uniq_prince_ribbit1, uniq_crazy_yiuf_cottage
D:8:      kennysheep_blocky_room, layout_basic, kennysheep_mini,
          evilmike_ruin_ashenzari, enter_bailey_2, uniq_pikel, uniq_maggie,
          uniq_harold
D:9:      layout_roguey, lemuel_round_altar, orc_0_dummy,
          hangedman_pestilent_swarm, uniq_psyche
D:10:     minmay_inner_zag, layout_loops_corners
D:11:     layout_loops_ring, grunt_lair_entry_orc_guard_hut,
          portal_ice_cave_demonic_guard, kennysheep_generic_room_10
D:12:     layout_loops_ring, minmay_ruined_shrine
Temple:   minmay_temple_bridge_abc

Skill      XL: |  1  2  3  4  5  6  7  8  9 10 11 12 |
---------------+-------------------------------------+-----
Axes           | 2 3 4 5 6 7 8 9 |  9.6
Shields        | 3 4 5 6 7 8 9 |  9.8
Armour         | 3 4 5 6 |  6.0
Fighting       | 4 5 6 7 9 10 11 | 11.5
Evocations     | 2 4 6 7 |  7.5

Action                   |  1- 3 |  4- 6 |  7- 9 | 10-12 || total
-------------------------+-------+-------+-------+-------++-------
Melee: War axe           |   122 |   231 |   348 |   938 ||  1639
 Fire: Arbalest          |       |       |       |    75 ||    75
Invok: Potion Petition   |       |       |     1 |     3 ||     4
Evoke: Wand              |       |       |       |     4 ||     4
  Use: Scroll            |       |     5 |     6 |     4 ||    15
 Stab: Distracted        |       |       |     1 |     6 ||     7
       Confused          |       |       |       |     3 ||     3
       Sleeping          |       |       |       |     6 ||     6
Armor: Scale mail        |    80 |   112 |    40 |       ||   232
       Chain mail        |       |       |    98 |    63 ||   161
       Swamp dragon scal |       |       |       |   316 ||   316
Dodge: Dodged            |    48 |    77 |    85 |   315 ||   525
Block: Kite shield       |    88 |   123 |   239 |   546 ||   996

Table legend:
 A = Non-vault XP
 B = Vault XP
 C = Vault XP percentage of total XP
 D = Non-vault monster count
 E = Vault monster count
 F = Vault count percentage of total count
                 A         B        C        D         E       F
            +---------+---------+-------+---------+---------+-------
      Total |   15742 |   22230 |  58.5 |     305 |     120 |  28.2
            +---------+---------+-------+---------+---------+-------
        D:1 |      53 |       0 |   0.0 |      30 |       0 |   0.0
        D:2 |     151 |       0 |   0.0 |      27 |       0 |   0.0
        D:3 |     235 |      20 |   7.8 |      32 |       9 |  22.0
        D:4 |     539 |     218 |  28.8 |      14 |       2 |  12.5
        D:5 |    1117 |       0 |   0.0 |      21 |       0 |   0.0
        D:6 |     993 |       0 |   0.0 |      31 |       0 |   0.0
        D:7 |    1955 |     306 |  13.5 |      31 |       2 |   6.1
        D:8 |    1587 |    2306 |  59.2 |      35 |       8 |  18.6
        D:9 |    2378 |    1145 |  32.5 |      23 |       5 |  17.9
       D:10 |    2544 |     395 |  13.4 |      34 |       6 |  15.0
       D:11 |    2423 |    2055 |  45.9 |      17 |      10 |  37.0
       D:12 |    1767 |       0 |   0.0 |      10 |       0 |   0.0
     Bailey |       0 |    2132 | 100.0 |       0 |      26 | 100.0
      IceCv |       0 |   13653 | 100.0 |       0 |      52 | 100.0
            +---------+---------+-------+---------+---------+-------
